Map: Emerald City LE

Players

AnanasT - Winner!

  • Race: Zerg Zerg
  • Spawn Location: 11:00

XanTos - Winner!

  • Race: Protoss Protoss
  • League: Platinum
  • Spawn Location: 11:00

Massa

  • Race: Terran Terran
  • League: Platinum
  • Spawn Location: 5:00

qqq

  • Race: Terran Terran
  • Spawn Location: 5:00

VOD

Have the link to the VOD?

Description

Time

  • Played on: Nov. 9, 2020, 3 p.m.
  • Length: 19:01
Show
View Real Time Build Order
Export as new Build Order

AnanasT Zerg - Winner!

Build Orders: Pool First 

Get SALT Encoding   

  12  0:00  Drone  
  13  0:08  Drone  
  14  0:16  Overlord  
  14  0:34  Drone  
  14  0:35  Drone x2  
  17  0:45  Drone  
  18  0:51  Extractor  
  17  0:58  Spawning Pool  
  17  1:03  Drone  
  17  1:19  Hatchery  
  17  1:22  Drone  
  17  1:23  Drone  
  18  1:31  Drone  
  19  1:44  Overlord  
  19  1:47  Queen  
  21  1:57  Metabolic Boost  
  21  2:00  Drone  
  22  2:02  Drone  
  23  2:13  Drone  
  24  2:28  Drone  
  25  2:32  Queen  
  25  2:33  Queen  
  29  2:44  Spore Crawler  
  28  2:45  Drone x3  
  31  2:55  Zergling x2  
  31  2:56  Zergling x4  
  32  3:11  Zergling x8  
  36  3:24  Overlord  
  36  3:29  Overlord  
  36  3:30  Overlord x2  
  36  3:49  Drone x3  
  36  3:50  Drone x2, Overlord  
  39  4:14  Drone x3  
  39  4:15  Drone x2  
  44  4:20  Extractor  
  44  4:21  Extractor  
  44  4:22  Drone x2, Overlord  
  44  4:23  Drone  
  45  4:25  Lair  
  45  4:30  Extractor  
  44  4:45  Hatchery  
  43  4:58  Drone  
  43  4:59  Drone x3, Overlord  
  48  5:00  Drone x3  
  50  5:39  Drone x3  
  53  5:47  Spire, Spore Crawler  
  53  5:48  Spire  
  50  5:51  Spine Crawler x2  
  50  5:52  Drone x4, Spine Crawler  
  50  5:53  Drone  
  52  6:04  Drone x3  
  55  6:12  Spine Crawler  
  55  6:13  Spine Crawler  
  55  6:15  Spine Crawler  
  55  6:16  Queen  
  55  6:18  Drone  
  55  6:37  Drone x2  
  55  6:38  Overlord  
  55  6:39  Drone x3  
  60  6:53  Drone x4, Overlord  
  60  6:54  Drone x3, Extractor  
  67  6:56  Extractor  
  65  7:05  Zerg Flyer Weapons Level 1  
  65  7:06  Zerg Flyer Armor Level 1  
  65  7:22  Corruptor  
  65  7:23  Overlord  
  65  7:24  Overlord x2  
  67  7:30  Spine Crawler  
  67  7:33  Spine Crawler  
  65  7:38  Mutalisk  
  65  7:39  Mutalisk x5  
  65  7:40  Mutalisk  
  65  7:43  Mutalisk  
  81  7:57  Mutalisk x5  
  91  8:08  Mutalisk x3  
  97  8:17  Mutalisk  
  99  8:25  Mutalisk  
  97  8:36  Mutalisk  
  99  8:48  Mutalisk  
  97  8:50  Zergling x34  
  97  8:51  Zergling x2  
  81  9:35  Mutalisk  
  81  9:36  Mutalisk x5  
  81  9:38  Drone x8  
  97  9:51  Drone x3  
  100  10:02  Mutalisk x3  
  106  10:12  Hatchery  
  106  10:13  Zergling x2  
  106  10:14  Zergling x8  
  108  10:25  Mutalisk  
  108  10:26  Mutalisk  
  108  10:27  Hatchery x2  
  110  10:33  Mutalisk  
  112  10:53  Mutalisk x2  
  114  11:06  Mutalisk  
  114  11:07  Mutalisk  
  118  11:15  Spine Crawler  
  118  11:16  Spine Crawler  
  118  11:17  Spine Crawler  
  115  11:32  Mutalisk  
  115  11:33  Mutalisk x2  
  115  11:35  Drone x3, Overlord  
  115  11:36  Drone x3  
  127  11:42  Spine Crawler  
  127  11:43  Spine Crawler  
  127  11:44  Spine Crawler  
  127  11:45  Extractor, Spine Crawler  
  118  12:15  Mutalisk x7  
  120  12:18  Drone x5  
  120  12:19  Drone  
  136  12:42  Mutalisk  
  136  12:43  Mutalisk x4  
  142  13:03  Mutalisk x3  
  148  13:13  Spine Crawler  
  148  13:15  Overlord  
  148  13:16  Overlord x3  
  147  13:23  Drone  
  147  13:24  Extractor  
  147  13:26  Zerg Flyer Weapons Level 2  
  147  13:27  Zerg Flyer Armor Level 2  
  147  13:33  Queen  
  148  13:48  Mutalisk x4  
  148  14:24  Overseer x3  
  148  14:33  Pneumatized Carapace  
  148  14:55  Infestation Pit  
  147  15:30  Hatchery  
  147  15:31  Hive  
  147  15:34  Hatchery  
  145  15:36  Overlord x5  
  145  15:37  Overlord  
  123  16:26  Mutalisk x9  
  123  16:27  Mutalisk x7  
  155  16:37  Corruptor  
  155  16:38  Corruptor x11  
  179  17:08  Greater Spire  
  179  17:20  Evolution Chamber  
  178  17:22  Evolution Chamber  
  178  18:20  Brood Lord x7  
Show
View Real Time Build Order
Export as new Build Order

XanTos Protoss - Winner!

Build Orders:  

Get SALT Encoding   

  12  0:00  Probe  
  13  0:12  Probe  
  14  0:18  Pylon  
  14  0:24  Probe  
  15  0:36  Probe  
  16  0:42  Gateway  
  16  0:46  Assimilator  
  16  0:48  Probe (Chrono Boost)  
  18  0:58  Probe (Chrono Boost)  
  18  1:03  Probe (Chrono Boost)  
  19  1:15  Probe  
  20  1:27  Probe  
  21  1:39  Probe  
  21  1:40  Pylon  
  21  1:48  Assimilator  
  21  1:51  Probe (Chrono Boost)  
  22  2:00  Probe (Chrono Boost)  
  23  2:05  Probe (Chrono Boost)  
  23  2:06  Cybernetics Core  
  23  2:07  Nexus  
  24  2:18  Probe  
  25  2:27  Gateway  
  25  2:37  Pylon  
  25  2:39  Warp Gate (Chrono Boost)  
  25  2:45  Gateway  
  25  2:54  Stalker (Chrono Boost)  
  25  2:57  Probe  
  28  3:09  Probe  
  28  3:21  Probe  
  30  3:27  Probe (Chrono Boost)  
  30  3:33  Probe (Chrono Boost)  
  31  3:34  Twilight Council  
  32  3:42  Probe (Chrono Boost)  
  32  3:43  Probe (Chrono Boost)  
  32  3:47  Probe (Chrono Boost)  
  33  3:50  Probe  
  33  3:54  Gateway  
  35  3:58  Pylon  
  35  3:59  Probe  
  35  4:02  Probe  
  37  4:05  Blink (Chrono Boost)  
  37  4:11  Probe  
  37  4:14  Probe  
  39  4:18  Forge  
  39  4:22  Pylon  
  39  4:24  Probe, Pylon  
  40  4:26  Probe  
  40  4:28  Pylon  
  41  4:36  Probe  
  41  4:38  Probe  
  43  4:47  Pylon  
  43  4:48  Probe  
  43  4:50  Probe  
  43  4:52  Photon Cannon  
  45  4:57  Photon Cannon  
  45  4:59  Shield Battery  
  45  5:00  Probe, Protoss Ground Weapons Level 1 (Chrono Boost), Assimilator  
  45  5:02  Probe  
  45  5:04  Stalker  
  49  5:12  Stalker  
  51  5:15  Stalker  
  51  5:17  Probe  
  51  5:18  Probe  
  55  5:25  Assimilator  
  55  5:29  Probe  
  55  5:30  Probe, Photon Cannon  
  57  5:37  Photon Cannon  
  57  5:39  Shield Battery  
  57  5:45  Templar Archives  
  57  5:46  Probe x2  
  59  5:50  Sentry x3  
  65  5:58  Probe x2  
  65  6:00  Pylon  
  65  6:01  Charge (Chrono Boost)  
  67  6:10  Probe x2  
  69  6:15  Nexus  
  69  6:22  Probe  
  69  6:23  Probe  
  69  6:24  High Templar x2  
  75  6:28  Zealot x2  
  79  6:35  Pylon  
  79  6:49  Zealot, Protoss Ground Armor Level 1 (Chrono Boost)  
  79  6:50  Zealot  
  83  6:56  Probe x2  
  83  6:57  Psionic Storm  
  85  7:07  Gateway  
  85  7:08  Probe x2, Gateway  
  87  7:10  Gateway  
  87  7:13  Gateway  
  87  7:19  Assimilator  
  87  7:20  Probe x2  
  87  7:22  Assimilator  
  89  7:25  Pylon  
  89  7:27  Pylon  
  89  7:32  Probe x2  
  89  7:33  Stalker  
  89  7:34  Stalker x2  
  97  7:44  Probe  
  97  7:46  Gateway  
  97  7:49  Gateway  
  97  7:50  Pylon  
  98  8:05  Stalker x7  
  73  8:34  Stalker x5  
  73  8:35  Stalker x3  
  69  8:52  High Templar x2  
  73  8:58  Zealot  
  73  8:59  Zealot x5  
  73  9:00  Zealot x2  
  89  9:34  Nexus  
  89  9:37  Probe x2  
  77  9:49  Probe  
  77  9:50  Probe  
  79  9:53  Zealot x3  
  79  9:54  Zealot x7  
  99  10:03  Probe x2  
  101  10:13  Nexus  
  101  10:15  Probe x2  
  103  10:25  Zealot x2  
  103  10:26  Zealot x3  
  67  10:57  Stalker x2  
  67  10:58  Stalker x6  
  77  11:07  Assimilator  
  77  11:09  Probe  
  77  11:10  Probe x2  
  80  11:12  High Templar x2  
  80  11:15  Protoss Ground Weapons Level 2 (Chrono Boost)  
  84  11:22  Probe  
  84  11:23  High Templar x3  
  91  11:34  High Templar  
  91  11:36  Zealot x4  
  101  11:47  Zealot x2  
  103  11:53  Probe x2  
  103  11:54  Probe x2  
  109  11:57  High Templar x2  
  113  12:05  Probe x2, Zealot x5  
  113  12:06  Probe x2  
  127  12:18  Assimilator  
  127  12:21  Assimilator  
  127  12:22  Stalker x3  
  133  12:30  High Templar x2  
  137  12:49  Pylon  
  137  12:54  Pylon  
  137  12:55  Zealot x6  
  137  12:56  Zealot x2  
  137  12:57  Pylon  
  153  13:02  Pylon  
  153  13:10  High Templar x2  
  157  13:17  Zealot  
  157  13:18  Zealot x7  
  173  13:28  Protoss Ground Armor Level 2 (Chrono Boost)  
  173  13:43  Stalker x5  
  173  13:44  Stalker x2  
  187  13:48  Nexus  
  187  13:50  Pylon  
  187  13:52  Pylon, Assimilator  
  187  13:53  Assimilator  
  187  13:56  Pylon  
  187  13:58  Pylon  
  187  13:59  Robotics Facility  
  187  14:01  Pylon  
  187  14:02  Robotics Facility  
  187  14:13  Probe x2  
  187  14:14  Probe x2  
  189  14:27  Shield Battery  
  189  14:28  Shield Battery  
  189  14:31  Shield Battery  
  189  14:33  Shield Battery  
  189  14:39  Shield Battery  
  189  14:41  Shield Battery  
  189  14:56  Observer (Chrono Boost)  
  189  14:57  Observer (Chrono Boost)  
  191  15:10  Observer x2 (Chrono Boost)  
  97  16:24  Stalker x4  
  97  16:25  Stalker x6  
  97  16:36  Observer x2  
  99  16:54  High Templar x3  
  99  16:55  High Templar x6  
  99  16:56  High Templar  
  119  17:05  Robotics Bay  
  119  17:21  Zealot x2  
  119  17:22  Zealot x7  
  137  17:48  Zealot x3  
  137  17:49  Zealot x5  
  137  17:50  Zealot x2  
  157  17:55  Colossus x2 (Chrono Boost)  
  138  18:23  Stalker x6  
  138  18:24  Stalker x4  
  113  18:56  Stalker x4  
  113  18:57  Stalker x6  
Show
View Real Time Build Order
Export as new Build Order

Massa Terran 

Build Orders:  

Get SALT Encoding   

  12  0:00  SCV  
  13  0:12  SCV  
  14  0:21  Supply Depot  
  14  0:24  SCV  
  15  0:35  Refinery  
  15  0:43  SCV  
  15  0:44  Barracks  
  16  0:55  SCV  
  17  1:09  SCV  
  18  1:26  SCV  
  19  1:38  SCV  
  20  1:40  Reaper  
  21  1:48  Command Center  
  21  1:52  Orbital Command  
  21  2:14  Marine  
  22  2:19  SCV  
  23  2:33  Factory  
  23  2:34  Supply Depot  
  23  2:39  Supply Depot  
  23  2:40  Barracks Reactor  
  23  2:41  Refinery  
  23  2:55  SCV  
  24  3:08  SCV  
  25  3:20  SCV  
  25  3:26  Orbital Command  
  25  3:27  Marine x2  
  26  3:31  Factory Tech Lab  
  28  3:44  Marine  
  28  3:45  Marine  
  29  3:52  Siege Tank  
  32  3:58  Engineering Bay  
  32  4:02  Marine x2  
  34  4:15  SCV x2  
  36  4:20  Marine x2  
  38  4:27  SCV x2  
  40  4:33  Supply Depot  
  40  4:38  Marine x2  
  41  4:39  Command Center  
  41  4:40  SCV  
  43  4:49  SCV  
  43  4:52  SCV  
  45  4:56  Starport, Marine x2, Supply Depot  
  47  5:01  SCV  
  47  5:02  Widow Mine  
  47  5:04  SCV  
  51  5:09  Barracks  
  51  5:13  SCV, Marine  
  51  5:14  Marine  
  53  5:18  SCV, Supply Depot  
  53  5:20  Missile Turret  
  55  5:22  Missile Turret  
  55  5:23  Widow Mine  
  55  5:26  Missile Turret  
  57  5:30  Terran Infantry Weapons Level 1  
  57  5:34  Missile Turret  
  57  5:41  SCV, Missile Turret  
  58  5:43  SCV  
  58  5:44  Widow Mine  
  58  5:49  Medivac  
  63  5:55  Orbital Command  
  63  5:57  Barracks Tech Lab  
  63  5:58  Marine  
  63  5:59  Marine  
  65  6:06  Widow Mine, SCV x2  
  69  6:12  Refinery  
  69  6:13  Refinery  
  69  6:16  Marine x2  
  69  6:18  SCV x2  
  73  6:19  Medivac  
  73  6:22  SCV  
  76  6:27  Siege Tank  
  76  6:30  SCV  
  80  6:44  Marine x2  
  80  6:46  Stimpack  
  82  6:47  Marauder  
  84  6:56  Barracks  
  84  6:58  Barracks  
  84  6:59  SCV  
  85  7:09  Supply Depot x4  
  85  7:24  Terran Infantry Armor Level 1  
  85  7:30  SCV x3, Marauder, Marine x2, Siege Tank  
  95  7:42  SCV x2  
  97  7:48  Marine  
  98  7:52  Marauder  
  98  7:54  Medivac  
  98  7:57  Barracks Reactor, Barracks Tech Lab, Marine  
  103  8:06  Marine  
  104  8:13  Marauder  
  104  8:15  Marine  
  107  8:24  Marine, Medivac  
  109  8:35  Marauder  
  101  8:56  Marauder  
  92  9:12  SCV x2  
  94  9:17  Marauder  
  96  9:24  SCV x2  
  96  9:26  Orbital Command  
  85  9:36  SCV  
  85  9:37  SCV  
  81  9:38  Siege Tank  
  81  9:40  Marauder x2, Marine x2  
  81  9:41  Marine x2  
  81  9:43  Combat Shield  
  81  9:44  Concussive Shells  
  92  9:51  Missile Turret  
  92  9:53  Missile Turret  
  92  9:57  Medivac  
  92  9:58  Marine x3  
  97  10:00  Marine  
  97  10:01  Marauder x2  
  97  10:06  Command Center  
  102  10:10  Siege Tank  
  102  10:13  Missile Turret  
  102  10:14  Missile Turret  
  105  10:16  Marine x3  
  105  10:17  Missile Turret  
  105  10:18  Marine  
  109  10:22  Marauder  
  109  10:23  Marauder  
  109  10:27  Medivac  
  115  10:34  Marine x2  
  117  10:38  Marine  
  102  10:43  Widow Mine  
  102  10:44  Marauder  
  99  10:52  Marauder  
  99  10:56  Marine  
  76  11:04  Widow Mine  
  76  11:05  Marauder  
  76  11:08  Missile Turret  
  76  11:09  Missile Turret  
  76  11:10  Missile Turret  
  80  11:14  Marauder  
  80  11:18  Starport Reactor  
  82  11:24  Armory  
  82  11:26  Widow Mine  
  82  11:27  Marauder  
  86  11:33  Refinery  
  86  11:35  Refinery, Marauder  
  88  11:47  Widow Mine  
  88  11:48  Marauder  
  88  11:49  Marine x4  
  88  11:50  Missile Turret  
  96  11:55  Missile Turret x3  
  96  11:57  Marauder  
  98  12:06  Marine x2  
  98  12:07  Marine x2  
  105  12:08  Siege Tank  
  105  12:09  Barracks, Marauder, Medivac  
  105  12:10  Medivac  
  105  12:11  Barracks, Engineering Bay  
  105  12:13  Missile Turret  
  111  12:17  Missile Turret x3  
  111  12:18  Marauder  
  111  12:22  Planetary Fortress  
  113  12:24  Marine  
  113  12:25  SCV x3  
  117  12:31  Marauder  
  117  12:36  Ghost Academy  
  119  12:37  SCV x2  
  119  12:38  Terran Infantry Armor Level 2, Terran Infantry Weapons Level 2  
  119  12:39  Marauder, Medivac  
  119  12:40  Medivac, Siege Tank  
  119  12:44  SCV  
  131  12:49  SCV  
  132  12:59  Supply Depot  
  132  13:00  Supply Depot  
  132  13:01  Supply Depot  
  132  13:04  Barracks Tech Lab x2  
  132  13:20  Marine x3, Ghost, Siege Tank  
  132  13:21  Marine, Ghost, SCV  
  132  13:22  Supply Depot x2  
  132  13:25  Supply Depot  
  144  13:38  Marine x2  
  144  13:39  Marine  
  147  13:44  Viking x2  
  147  13:45  Supply Depot  
  151  13:48  Ghost  
  151  13:49  Ghost  
  151  13:52  Siege Tank  
  158  13:57  Missile Turret  
  157  14:11  Enhanced Shockwaves  
  157  14:14  Viking x2  
  161  14:29  Refinery  
  161  14:32  Refinery  
  161  14:33  Sensor Tower  
  163  15:00  Marauder x2  
  163  15:01  Marauder x2, Marine x4  
  165  15:21  Marauder  
  165  15:22  Marauder x3  
  165  15:28  SCV x4  
  174  15:29  Missile Turret  
  175  15:40  SCV x4  
  175  15:42  Marauder  
  176  15:52  SCV x3  
  176  15:53  SCV  
  154  16:37  Marine  
  154  16:38  Marine x7  
  162  16:41  Missile Turret  
  162  16:42  Missile Turret  
  162  16:43  Missile Turret x3  
  162  16:44  Missile Turret x2  
  162  16:45  Missile Turret  
  162  16:55  Marine x4  
  162  16:56  Marine x4  
  162  17:01  Viking  
  162  17:02  Viking  
  162  17:07  Siege Tank  
  169  17:13  Marine x4  
  169  17:14  Marine x4  
  177  17:30  Missile Turret  
  177  17:31  Marine x7, Viking  
  177  17:32  Viking  
  188  17:42  Missile Turret  
  188  17:44  Missile Turret x2  
  188  17:46  Missile Turret  
  188  17:47  Missile Turret x3  
  188  17:49  Missile Turret x2  
  188  17:50  Missile Turret  
  188  18:10  Missile Turret  
  188  18:15  Siege Tank  
  118  18:29  Missile Turret  
  118  18:30  Marauder x2  
  118  18:31  Marauder x2  
  118  18:32  Marine x4  
  121  18:49  Sensor Tower  
Show
View Real Time Build Order
Export as new Build Order

qqq Terran 

Build Orders:  

Get SALT Encoding   

  12  0:01  SCV  
  13  0:23  SCV  
  14  0:28  Supply Depot  
  14  0:35  SCV  
  15  0:50  SCV  
  16  1:14  Barracks  
  16  1:25  Command Center  
  16  1:27  SCV  
  16  1:30  Refinery  
  17  1:39  SCV  
  18  1:41  Refinery  
  18  1:51  SCV  
  19  2:03  SCV  
  20  2:15  SCV, Marine  
  22  2:27  SCV  
  23  2:36  Supply Depot  
  23  2:40  Barracks Tech Lab  
  23  2:46  Factory  
  23  2:50  SCV  
  23  2:58  Orbital Command  
  23  3:02  SCV  
  24  3:14  SCV  
  25  3:26  SCV  
  26  3:29  Marine  
  26  3:32  Factory Tech Lab  
  27  3:36  Starport, SCV  
  27  3:38  SCV  
  29  3:47  Marine  
  30  3:48  SCV  
  30  3:50  SCV  
  30  3:52  Siege Tank  
  35  4:01  SCV  
  36  4:03  SCV  
  36  4:05  Marine  
  38  4:13  SCV  
  38  4:14  Starport Reactor  
  38  4:15  SCV  
  40  4:25  SCV  
  40  4:27  SCV  
  42  4:37  Refinery, SCV  
  43  4:39  SCV  
  43  4:40  Refinery  
  43  4:43  Supply Depot  
  44  4:49  SCV  
  44  4:51  SCV  
  46  4:59  Engineering Bay  
  46  5:05  SCV x2, Medivac  
  46  5:06  Supply Depot  
  50  5:12  Marine  
  51  5:17  SCV x2  
  51  5:20  Barracks  
  53  5:29  SCV x2, Viking  
  53  5:30  Marine  
  53  5:31  Siege Tank  
  62  5:46  Supply Depot  
  62  5:52  Orbital Command, Marine  
  62  6:03  Terran Infantry Weapons Level 1  
  62  6:07  SCV  
  62  6:09  Supply Depot  
  62  6:10  Marauder  
  65  6:12  Sensor Tower  
  65  6:14  Barracks Reactor  
  65  6:19  SCV  
  65  6:21  Medivac  
  69  6:31  SCV, Marauder, Supply Depot  
  71  6:37  Medivac  
  73  6:42  Supply Depot  
  73  6:50  Marine, Command Center  
  73  6:51  Marine, Medivac  
  73  6:52  Marine  
  78  7:04  Stimpack  
  78  7:06  Medivac  
  78  7:08  Marine x2  
  81  7:10  Marine  
  83  7:20  Medivac  
  85  7:26  Marine x2  
  85  7:28  Marine  
  88  7:34  Siege Tank  
  91  7:43  Marine  
  92  7:44  Marine  
  92  7:46  Marine  
  94  7:53  Supply Depot  
  94  7:57  Terran Infantry Armor Level 1  
  94  8:02  Marine x2, Medivac, Viking  
  94  8:04  Marauder  
  102  8:17  Supply Depot  
  102  8:20  Marine x2  
  102  8:25  Marauder  
  91  8:37  Marine x2, Viking x2  
  91  8:40  Supply Depot  
  97  8:44  Combat Shield  
  97  8:46  Marine  
  98  8:55  Marine x2  
  98  9:02  Supply Depot  
  98  9:04  Marine, Siege Tank  
  98  9:07  Viking, Medivac  
  106  9:13  Marine x2  
  108  9:22  Marauder  
  105  9:31  Marine x2  
  104  9:36  Siege Tank  
  104  9:37  Viking  
  97  9:44  Marauder  
  88  9:49  Marine  
  81  10:02  Concussive Shells  
  81  10:05  Marauder  
  77  10:09  Viking x2, Siege Tank  
  77  10:10  Marine x2  
  86  10:26  Missile Turret  
  86  10:27  Marauder  
  88  10:28  Marine x2  
  90  10:39  Medivac x2  
  93  10:46  Marine x2  
  93  10:47  Missile Turret  
  93  10:48  Marauder  
  97  10:54  SCV  
  98  10:59  SCV x2  
  98  11:04  Marine x2  
  97  11:06  SCV  
  97  11:08  Missile Turret  
  97  11:09  Marauder  
  102  11:11  SCV x2  
  102  11:12  Barracks  
  102  11:13  Missile Turret  
  102  11:14  Missile Turret  
  104  11:18  SCV  
  104  11:22  Marine x2  
  104  11:23  SCV x2  
  109  11:30  SCV, Missile Turret  
  109  11:31  Marauder  
  112  11:35  SCV x2  
  112  11:38  Missile Turret  
  112  11:39  Marine  
  114  11:40  Marine  
  114  11:43  SCV  
  117  11:50  Missile Turret  
  117  11:52  Barracks, Marine  
  118  11:57  Marine x2  
  99  12:10  Marauder  
  99  12:12  Missile Turret  
  99  12:15  Marine x2  
  95  12:18  Liberator x2  
  95  12:21  SCV  
  104  12:31  Marauder  
  104  12:32  Missile Turret  
  104  12:33  SCV, Marine x2  
  103  12:38  Missile Turret  
  103  12:40  Missile Turret  
  103  12:41  Missile Turret  
  103  12:43  SCV, Missile Turret  
  103  12:44  SCV  
  105  12:45  SCV  
  105  12:51  Marine x2  
  107  12:53  Barracks Reactor, Marauder  
  107  12:57  SCV  
  104  13:01  Liberator x2  
  110  13:08  Marine  
  110  13:09  SCV, Marine  
  110  13:12  SCV x2  
  115  13:14  Marauder  
  117  13:21  SCV  
  117  13:26  Command Center  
  118  13:32  Missile Turret  
  118  13:34  Missile Turret  
  118  13:35  Marine, Missile Turret  
  118  13:40  Missile Turret  
  119  13:42  Marine x2  
  119  13:43  Liberator  
  119  13:44  Liberator  
  119  13:47  Barracks Reactor  
  127  13:52  Missile Turret  
  127  13:53  Marine  
  128  14:04  Marine x3  
  128  14:05  Marine  
  132  14:10  Marine  
  128  14:22  Marine x4  
  132  14:24  SCV x2  
  132  14:25  SCV  
  132  14:26  Liberator x2  
  132  14:27  Missile Turret x2  
  141  14:37  SCV  
  141  14:38  Marauder  
  144  14:40  Marine x4  
  148  14:49  Armory, Supply Depot  
  148  14:54  SCV  
  148  14:56  SCV  
  148  14:58  Marine  
  148  14:59  Marauder  
  153  15:06  SCV  
  154  15:08  SCV  
  154  15:10  Liberator  
  154  15:12  Liberator, Supply Depot  
  161  15:18  SCV  
  161  15:20  SCV  
  163  15:22  SCV  
  164  15:34  SCV x4, Marauder  
  170  15:36  Supply Depot  
  170  15:46  SCV x2  
  170  15:47  Terran Ship Weapons Level 1  
  170  15:48  Terran Infantry Weapons Level 2  
  172  15:52  Supply Depot  
  172  15:57  Liberator x2  
  172  15:58  SCV x2  
  169  16:15  Supply Depot  
  102  16:29  Marauder, Marine x2  
  102  16:30  Marine  
  107  16:36  Widow Mine  
  107  16:38  Supply Depot  
  109  16:40  Liberator x2  
  115  16:50  Marauder  
  117  16:57  Widow Mine  
  119  17:03  Marine x4, Supply Depot  
  119  17:04  Marine x2  
  119  17:07  SCV  
  126  17:12  Marauder  
  126  17:15  Refinery  
  128  17:17  Refinery  
  128  17:18  Widow Mine  
  128  17:19  SCV  
  128  17:21  Marine x4  
  128  17:22  Marine x2  
  137  17:23  Liberator x2  
  137  17:25  Sensor Tower  
  137  17:26  Supply Depot  
  143  17:33  Marauder  
  143  17:34  Missile Turret x2  
  145  17:49  Supply Depot  
  145  17:50  Command Center  
  145  17:52  Missile Turret  
  145  17:53  Missile Turret  
  145  17:54  Marauder  
  145  17:57  Missile Turret  
  147  18:06  Liberator x2  
  153  18:16  Marauder  
Tags
 
Add a new tag
Caveats
  • Supply blocks, unpowered buildings, or Contaminate may cause inaccurate times.
  • Supply counts are checked every 10 seconds.